 Dungeon Crawl Stone Soup version 0.23.1 (webtiles) character file.

Game seed: 0

3098 elfaar the Basher (level 9, 0/80 HPs)
             Began as a Minotaur Berserker on Mar 6, 2019.
             Was a High Priest of Trog.
             Slain by a killer bee (1 damage)
             ... on level 8 of the Dungeon.
             The game lasted 00:37:52 (5422 turns).

elfaar the Basher (Minotaur Berserker)              Turns: 5422, Time: 00:37:53

Health: 0/80       AC: 19    Str: 25    XL:     9   Next: 59%
Magic:  8/8        EV:  8    Int:  4    God:    Trog [*****.]
Gold:   362        SH:  0    Dex: 10    Spells: 8/8 levels left

rFire    + . .     SeeInvis .   g - +5 dire flail
rCold    + . .     Gourm    .   (shield currently unavailable)
rNeg     . . .     Faith    .   x - +2 plate armour
rPois    .         Spirit   .   (helmet restricted)
rElec    .         Reflect  .   G - scarf {rC+ rF+}
rCorr    .         Harm     .   I - +2 pair of gloves
MR       .....                  (no boots)
Stlth    ..........             (no amulet)
HPRegen  0.23/turn              t - +5 ring of slaying
MPRegen  0.11/turn              (no ring)

@: lethally poisoned (0 -> -1), berserk cooldown, slowed, very slow
A: retaliatory headbutt, horns 2
a: Berserk, Trog's Hand, Brothers in Arms, Renounce Religion


You were on level 8 of the Dungeon.
You worshipped Trog.
Trog was extremely pleased with you.
You were not hungry.

You visited 2 branches of the dungeon, and saw 9 of its levels.

You collected 362 gold pieces.

Inventory:

Hand Weapons
 g - a +5 dire flail (weapon)
 j - a +0 flail
 A - a +1 flail of protection
Missiles
 a - 31 sling bullets
 h - 291 stones
 k - a throwing net
 o - 2 tomahawks (quivered)
 v - 5 poisoned javelins
Armour
 b - a +0 chain mail
 l - a +1 cloak
 s - a +1 ring mail of fire resistance
 x - a +2 plate armour (worn)
 G - a scarf of resistance (worn)
 I - a +2 pair of gloves (worn)
 J - a +0 shield of fire resistance
Jewellery
 t - a +5 ring of slaying (left hand)
Wands
 d - a wand of scattershot (4)
 q - a wand of polymorph (13)
 B - a wand of flame (17)
 D - a wand of paralysis (10)
 K - a wand of enslavement (7)
 L - a wand of random effects (18)
Scrolls
 i - 3 scrolls of teleportation
 m - 4 scrolls of remove curse
 p - a scroll of immolation
 y - 3 scrolls of blinking
 z - a scroll of identify
 E - a scroll of enchant armour
 H - 5 scrolls of fog
Potions
 e - 4 potions of curing
 f - 2 potions of cancellation
 n - a potion of might
 r - 2 potions of heal wounds
 u - 3 potions of lignification
 w - a potion of agility {unknown}
 F - a potion of flight
Comestibles
 c - 14 rations


   Skills:
 + Level 7.7 Fighting
 + Level 11.6 Maces & Flails
 + Level 1.8 Throwing
 + Level 8.7 Armour
 + Level 3.3 Dodging
 + Level 0.7 Stealth
 + Level 0.1 Evocations


You had 8 spell levels left.
You didn't know any spells.
Your spell library was empty.

Dungeon Overview and Level Annotations

Branches:
Dungeon (8/15)             Temple (1/1) D:5
   Lair: D:8-11

Altars:
Ashenzari
Cheibriados
Dithmenos
Elyvilon
Fedhas
Gozag
Hepliaklqana
Kikubaaqudgha
Makhleb
Nemelex Xobeh
Okawaru
Qazlal
Ru
Sif Muna
Trog
Uskayaw
Vehumet
Wu Jian
Xom
Yredelemnul
Zin
The Shining One


Innate Abilities, Weirdness & Mutations

You reflexively headbutt those who attack you in melee.
You have a pair of horns on your head.


Message History

The death yak bellows! x2
You headbutt the death yak.
The death yak is lightly wounded.
The killer bee stings you.
The death yak snorts and paws the ground.
The death yak gores you!
* * * LOW HITPOINT WARNING * * *
The killer bee stings you but does no damage.
A death yak comes into view.
The death yak snorts and paws the ground.
The death yak gores you!!
* * * LOW HITPOINT WARNING * * *
You feel sick. The killer bee stings you.
* * * LOW HITPOINT WARNING * * *
The killer bee barely misses you.
The killer bee stings you but does no damage.
* * * LOW HITPOINT WARNING * * *
You feel sick. The killer bee stings you.
You die...

## ##....###
#..##........#..?..$
##..............#....
#..##................
#<.......Y........#..
#####.......Y...........
#...................(...
#..(..#)[.Y...Y.........
#((...<(@yYY............
#....†([..Y...........>.
#.....##..[..(.........#
#..... #.............#..
#..... ##...........$# #
#..... #..........#....
#..... #..........#...#
###.## ##...(....## #..
#. ..........#.._..#


You could see 7 death yaks and a killer bee.

Vanquished Creatures
  A queen bee (D:8)
  Grinder (D:4)
  A hungry ghost (D:7)
  2 sky beasts
  An ice beast (D:6)
  2 phantoms
  An ogre (D:6)
  A big kobold (D:8)
  A scorpion (D:7)
  16 killer bees (D:8)
  8 wights
  2 crimson imps (D:8)
  3 hounds
  A jelly (D:6)
  An orc priest (D:6)
  3 orc wizards (D:7)
  A centaur skeleton (D:7)
  An iguana (D:6)
  7 worker ants
  A hound zombie (D:5)
  Robin (D:4)
  7 gnolls (D:5)
  10 adders
  2 howler monkey skeletons
  3 shadow imps
  2 oozes (D:3)
  2 worms
  A dart slug (D:1)
  3 leopard geckos
  14 orcs
  4 bats
  3 giant cockroaches
  20 goblins
  7 hobgoblins
  13 jackals
  14 kobolds
  6 quokkas
  3 ball pythons
  5 frilled lizards
  14 rats
189 creatures vanquished.

Vanquished Creatures (others)
  An adder skeleton (D:5)
1 creature vanquished.

Grand Total: 190 creatures vanquished

Notes
Turn   | Place    | Note
-------+----------+-------------------------------------------
     0 | D:1      | elfaar the Minotaur Berserker began the quest for the Orb.
     0 | D:1      | Reached XP level 1. HP: 19/19 MP: 0/0
   171 | D:1      | Reached XP level 2. HP: 27/27 MP: 1/1
   222 | D:1      | Reached skill level 4 in Maces & Flails
   648 | D:1      | Reached XP level 3. HP: 33/33 MP: 2/2
   657 | D:1      | Reached ** piety under Trog
  1159 | D:2      | Reached skill level 5 in Maces & Flails
  1159 | D:2      | Reached XP level 4. HP: 40/40 MP: 3/3
  1166 | D:2      | Reached skill level 6 in Maces & Flails
  1166 | D:2      | Reached XP level 5. HP: 47/47 MP: 4/4
  1442 | D:3      | Found a bloodstained altar of Trog.
  1610 | D:3      | Reached *** piety under Trog
  1687 | D:3      | Noticed a phantom
  1703 | D:3      | Killed a phantom
  1703 | D:3      | Reached XP level 6. HP: 52/53 MP: 5/5
  1781 | D:3      | Reached skill level 7 in Maces & Flails
  2021 | D:4      | Noticed Grinder
  2025 | D:4      | Paralysed by Grinder for 7 turns
  2041 | D:4      | Killed Grinder
  2041 | D:4      | Reached skill level 5 in Fighting
  2041 | D:4      | Reached XP level 7. HP: 60/61 MP: 6/6
  2229 | D:4      | Noticed Robin
  2245 | D:4      | Killed Robin
  2458 | D:4      | Reached skill level 5 in Armour
  2603 | D:5      | Entered Level 5 of the Dungeon
  2609 | D:5      | Reached skill level 8 in Maces & Flails
  2771 | D:5      | Found a staircase to the Ecumenical Temple.
  2780 | Temple   | Entered the Ecumenical Temple
  3105 | D:5      | Reached **** piety under Trog
  3269 | D:5      | Reached XP level 8. HP: 70/70 MP: 7/7
  3560 | D:6      | Found a radiant altar of Vehumet.
  3718 | D:6      | Reached skill level 9 in Maces & Flails
  4552 | D:7      | Reached skill level 1 in Throwing
  4706 | D:8      | Reached skill level 10 in Maces & Flails
  4725 | D:8      | Reached XP level 9. HP: 78/78 MP: 8/8
  4759 | D:8      | Found a shattered altar of Ashenzari.
  4773 | D:8      | Reached ***** piety under Trog
  4801 | D:8      | Noticed a death yak
  4808 | D:8      | Reached skill level 11 in Maces & Flails
  5094 | D:8      | Noticed a queen bee
  5106 | D:8      | Killed a queen bee
  5416 | D:8      | Noticed a death yak
  5416 | D:8      | Noticed a death yak
  5416 | D:8      | Noticed a death yak
  5417 | D:8      | Noticed a death yak
  5417 | D:8      | Noticed a death yak
  5418 | D:8      | Noticed a death yak
  5418 | D:8      | HP: 4/80 [death yak (19)]
  5419 | D:8      | HP: 1/80 [killer bee (2)]
  5422 | D:8      | Slain by a killer bee

Skill      XL: |  1  2  3  4  5  6  7  8  9 |
---------------+----------------------------+-----
Maces & Flails | 4 5 6 7 8 10 11 | 11.6
Fighting       | 4 5 6 7 |  7.7
Armour         | 3 4 6 7 8 |  8.7
Dodging        | 3 |  3.3
Throwing       | 1 |  1.8
Stealth        | |  0.7
Evocations     | |  0.1

Action                   |  1- 3 |  4- 6 |  7- 9 || total
-------------------------+-------+-------+-------++-------
Melee: Mace              |    75 |       |       ||    75
       Headbutt          |    14 |    12 |    23 ||    49
       Flail             |     6 |    30 |       ||    36
       Dire flail        |       |    50 |   203 ||   253
Throw: Throwing net      |     1 |       |       ||     1
       Tomahawk          |       |     6 |     7 ||    13
Invok: Berserk           |     2 |       |     3 ||     5
Evoke: Wand              |       |       |     3 ||     3
  Use: Scroll            |     3 |     5 |    14 ||    22
  Eat: Chunk             |     2 |     4 |    12 ||    18
       Ration            |       |       |     1 ||     1
Armor: Chain mail        |    43 |    46 |    32 ||   121
       Plate armour      |       |       |   105 ||   105
Dodge: Dodged            |    35 |    48 |    87 ||   170
